AoeStats
← Çağrı

Arabia

509897478Analyzed
1v1 RM · 5d ago on Sep 28, 2026· 45m 26s· 2 players
Game mode
Random Map
Map size
Tiny (2 player)
Population
200
Speed
Normal
Resources
Standard
Victory
Conquest
Starting age
Dark Age
Ending age
Imperial Age
RankedLock teamsTeams togetherTeam positionsShared explorationLock speedFull tech treeHidden civsTurbo modeCheats
Victory
Defeat
🇹🇷 Bohemians · Türkiye
661
+17
🇺🇸 Franks · United States
685
-24
Çağrı
8:56 Loom
11:45 Feudal Age
17:18 Double-Bit Axe
19:04 Man-at-Arms
21:53 Horse Collar
24:02 Scale Barding Armor
26:43 Castle Age
25:52 Scale Mail Armor
27:09 Pikeman
27:10 Long Swordsman
27:51 Squires
27:20 Pikeman
27:21 Long Swordsman
29:00 Light Cavalry
33:21 Heavy Plow
33:36 Bow Saw
42:06 Imperial Age
40:35 Chain Barding Armor
40:26 Forging
shosmleg
7:18 Loom
10:29 Feudal Age
13:38 Scale Barding Armor
13:44 Forging
16:44 Fletching
24:08 Castle Age
24:39 Gold Mining
25:38 Wheelbarrow
28:55 Chain Barding Armor
31:24 Elite Skirmisher
37:14 Iron Casting
39:55 Wheelbarrow
39:30 Bodkin Arrow
44:24 Gold Shaft Mining
Connection lost

Rejoining the realm…

Still unreachable

The connection could not be restored.

Session expired

The server has moved on; the page needs a fresh start.